 Dungeon Crawl Stone Soup version 0.31.0-9-g3a7656b989 (webtiles) character file.

Game seed: 13865244361960538603

126 Cruella the Poker (level 4, -15/34 HPs)
             Began as a Demonspawn Gladiator on Jan 27, 2024.
             Was an Initiate of Dithmenos.
             Demolished by an ogre
             ... wielding a +0 giant club
              (18 damage)
             ... on level 3 of the Dungeon.
             The game lasted 00:11:43 (1786 turns).

Cruella the Poker (Demonspawn Gladiator)            Turns: 1786, Time: 00:11:45

Health: -15/34     AC:  5    Str: 16    XL:     4   Next: 83%
Magic:  4/4        EV: 12    Int:  9    God:    Dithmenos [......]
Gold:   107        SH:  0    Dex: 14    Spells: 3/3 levels left

rFire   . . .        a - +0 trident
rCold   . . .        (no shield)
rNeg    . . .        b - +0 leather armour
rPois   .            c - +0 helmet
rElec   .            r - +0 cloak
rCorr   .            (no gloves)
SInv    +            (no boots)
Will    .....        (no amulet)
Stlth   +            t - ring of see invisible
HPRegen 0.25/turn    (no ring)
MPRegen 0.09/turn

%: no passive effects
@: no status effects
A: foul stench 1
a: Renounce Religion


You were on level 3 of the Dungeon.
You worshipped Dithmenos.
Dithmenos was noncommittal.
You visited 1 branch of the dungeon, and saw 4 of its levels.

You collected 107 gold pieces.

Inventory:

Hand Weapons
 a - a +0 trident (weapon)
 k - a +0 spear
Missiles
 d - 3 throwing nets
 e - a javelin
 h - 5 boomerangs (quivered)
Armour
 b - a +0 leather armour (worn)
 c - a +0 helmet (worn)
 r - a +0 cloak (worn)
Jewellery
 t - a ring of see invisible (left hand)
Talismans
 o - a flux talisman
 w - a beast talisman
Wands
 s - a wand of acid (6)
Scrolls
 g - 3 scrolls of identify {unknown}
 i - a scroll of enchant weapon {unknown}
 j - a scroll of acquirement {unknown}
 m - a scroll of fear {unknown}
 n - a scroll of silence {unknown}
 q - 2 scrolls of enchant armour {unknown}
 u - a scroll of noise {unknown}
 v - a scroll of revelation {unknown}
 x - a scroll of vulnerability {unknown}
 y - a scroll of poison {unknown}
Potions
 f - a potion of degeneration {unknown}
 l - a potion of curing {unknown}
 p - a potion of heal wounds


   Skills:
 + Level 2.4 Fighting
 + Level 3.9 Polearms
 + Level 1.8 Throwing
 + Level 1.8 Armour
 + Level 3.2 Dodging
 - Level 0.2 Stealth


You had 3 spell levels left.
You didn't know any spells.
Your spell library contained the following spells:

 Spells                   Type           Power      Damage    Failure   Level
 Magic Dart               Conj           0%         1d3       45%         1
 Blink                    Tloc           0%         N/A       58%         2
 Call Imp                 Summ           0%         N/A       58%         2


Dungeon Overview and Level Annotations

Branches:
Dungeon (4/15)
 Temple: D:4-7

Altars:
Ashenzari
Dithmenos
Uskayaw

Annotations:
D:3 2 transporters, paps's ghost, amateur OpSh


Innate Abilities, Weirdness & Mutations

You may rarely emit foul miasma when damaged in melee.


Message History

There is a stone staircase leading down here.
You climb downwards.
You hear the hiss of flowing sand.
There is an entrance to an ossuary on this level.
Hurry and find it before the portal is buried!
You hear the slow hiss of an avalanche of sand very nearby.
There is a stone staircase leading up here.
A goblin comes into view. It is wielding a +0 dagger.
The goblin shouts!
You hear a shout!
An ogre comes into view. It is wielding a +0 giant club.
The goblin moves out of view.
An orc wizard comes into view. It is wielding a +0 dagger.
The orc wizard shouts!
An orc comes into view. It is wielding a +0 short sword.
The orc wizard moves out of view.
The ogre attacks as it pursues you!
The ogre hits you with a +0 giant club!!
Ouch! That really hurt!
There is a stone staircase leading up, spattered with blood here.
The ogre hits you with a +0 giant club.
* * * LOW HITPOINT WARNING * * *
You climb upwards.
Level annotation: 2 transporters, paps's ghost, amateur OpSh
There is a stone staircase leading down here.
It was a potion of heal wounds.
You feel much better.
Aiming: Corrosive Bolt
Press: ? - help, Shift-Dir - straight line, f - ogre
Aim: an ogre, wielding a +0 giant club (86% to hit)
The bolt of acid hits the ogre!
The ogre is moderately wounded.
The ogre hits you with a +0 giant club!!
Ouch! That really hurt!
* * * LOW HITPOINT WARNING * * *
Aiming: Corrosive Bolt
Press: ? - help, Shift-Dir - straight line, f/p - ogre
Aim: an ogre, wielding a +0 giant club (moderately wounded, 86% to hit)
The bolt of acid hits the ogre!
The acid corrodes the ogre!
The ogre is almost dead.
The ogre hits you with a +0 giant club!!
Ouch! That really hurt!
You die...

#......... #####
#.........
#...#######.........
#..@......#.........
#...O...............
#........##.........
#........+..........
#........##.........
#........###.###..##
#........###...##..#
#..........# #..##..
#.#........####.....


You could see an ogre (corroded).

Vanquished Creatures
  A howler monkey (D:2)
  4 adders
  A dart slug (D:3)
  An orc (D:3)
  6 ball pythons
  3 bats (D:2)
  4 endoplasms
  5 giant cockroaches (D:1)
  3 goblins
  2 hobgoblins (D:1)
  7 jackals
  3 quokkas (D:2)
  4 frilled lizards
  3 kobolds
  2 rats (D:3)
49 creatures vanquished.

Notes
Turn   | Place    | Note
-------+----------+-------------------------------------------
     0 | D:1      | Cruella the Demonspawn Gladiator began the quest for the
                  | Orb.
     0 | D:1      | Reached XP level 1. HP: 16/16 MP: 1/1
   162 | D:1      | Gained mutation: You may rarely emit foul miasma when
                  | damaged in melee. [demonic ancestry]
   162 | D:1      | Reached XP level 2. HP: 19/22 MP: 2/2
   637 | D:2      | Reached XP level 3. HP: 15/27 MP: 3/3
   770 | D:2      | Reached skill level 1 in Armour
   987 | D:2      | Found a shadowy altar of Dithmenos.
  1014 | D:2      | Became a worshipper of Dithmenos the Shadowed
  1258 | D:2      | Reached XP level 4. HP: 32/34 MP: 4/4
  1399 | D:3      | Found a hide-covered altar of Uskayaw.
  1402 | D:3      | Found a broken altar of Ashenzari.
  1473 | D:3      | Found a transporter.
  1473 | D:3      | Noticed paps's ghost (amateur OpSh)
  1497 | D:3      | Found a transporter.
  1718 | D:4      | Noticed an ogre
  1776 | D:4      | Noticed an ogre
  1786 | D:3      | Demolished by an ogre

Illustrated notes

Levels and vault maps discovered:
D:1:      dpeg_arrival_court, layout_loops_ring
D:2:      layout_basic, basic_altar
D:3:      layout_basic, minitemple, gammafunk_ghost_arena,
          chequers_serial_rivers_room_a
D:4:      layout_basic, lemuel_crystal_altar,
          lightli_ossuary_entry_decrepit_ruins, hangedman_decor_peaks_small,
          chequers_hall_statues_y, uniq_crazy_yiuf_cottage, uniq_edmund

Skill      XL: |  1  2  3 |
---------------+----------+-----
Dodging        | 3 |  3.2
Polearms       | 3 |  3.9
Armour         | 1 |  1.8
Fighting       | |  2.4
Throwing       | |  1.8
Stealth        | |  0.2

Action                     |  1- 3 |  4- 6 || total
---------------------------+-------+-------++-------
  Melee: Trident           |   123 |    28 ||   151
         Punch             |       |     1 ||     1
  Throw: Boomerang         |     4 |     1 ||     5
  Evoke: Wand              |       |     2 ||     2
    Use: Potion            |       |     1 ||     1
   Stab: Sleeping          |     1 |       ||     1
 Armour: Leather armour    |    63 |    13 ||    76
  Dodge: Dodged            |    76 |    14 ||    90
